 Dungeon Crawl Stone Soup version 0.28-a0-476-g0f06bd746f (webtiles) character file.

Game seed: 17279988373062297344

2797 Squid the Basher (level 9, -2/78 (79) HPs)
             Began as a Minotaur Berserker on Sept 16, 2021.
             Was a Priest of Trog.
             Shot with an arrow by a centaur (9 damage)
             ... on level 7 of the Dungeon.
             The game lasted 00:21:36 (9998 turns).

Squid the Basher (Minotaur Berserker)               Turns: 9998, Time: 00:21:36

HP:   -2/78 (79)    AC:  6    Str: 24    XL:     9   Next: 43%
MP:   8/8           EV: 16    Int: 11    God:    Trog [***...]
Gold: 270           SH:  0    Dex:  7    Spells: 8/8 levels left

rFire   + . .      SeeInvis +   x - +3 dire flail (drain)
rCold   + . .      Faith    +   (shield currently unavailable)
rNeg    . . .      Spirit   .   k - +3 leather armour {rPois}
rPois   +          Reflect  .   (helmet restricted)
rElec   +          Harm     .   (no cloak)
rCorr   +          Rampage  .   (no gloves)
Will    .....                   (no boots)
Stlth   +.........              i - amulet of faith
HPRegen 0.23/turn               g - ring "Miwk" {Fly EV+4 Int+7 Dex-4}
MPRegen 0.11/turn               p - ring of see invisible

@: resistant, flying, lightly drained
A: horns 2, retaliatory headbutt
a: Renounce Religion, Berserk, Trog's Hand


You were on level 7 of the Dungeon.
You worshipped Trog.
Trog was most pleased with you.
You visited 1 branch of the dungeon, and saw 7 of its levels.
You also visited: Sewer.

You collected 270 gold pieces.

Inventory:

Hand Weapons
 x - a +3 dire flail of draining (weapon)
Missiles
 c - 199 stones (quivered)
Armour
 k - a +3 leather armour of poison resistance (worn)
Jewellery
 g - the ring "Miwk" (left hand) {Fly EV+4 Int+7 Dex-4}
   (You found it on level 5 of the Dungeon)

   [ring of evasion]

   EV:        It affects your evasion (+4).
   Int:       It affects your intelligence (+7).
   Dex:       It affects your dexterity (-4).
   Fly:       It grants you flight.
 i - an amulet of faith (around neck)
 p - a ring of see invisible (right hand)
Wands
 a - a wand of iceblast (6)
 l - a wand of flame (39)
 o - a wand of charming (3)
 v - a wand of mindburst (7)
Scrolls
 b - a scroll of enchant armour
 d - 4 scrolls of identify
 e - a scroll of immolation
 u - a scroll of magic mapping {unknown}
 y - a scroll of enchant weapon {unknown}
Potions
 f - 2 potions of ambrosia
 j - 4 potions of degeneration {unknown}
 m - 2 potions of flight
 n - a potion of brilliance {unknown}
 q - 2 potions of lignification {unknown}
 r - 2 potions of curing
 t - a potion of haste {unknown}
 w - a potion of mutation {unknown}


   Skills:
 + Level 7.4 Fighting
 + Level 8.4 Maces & Flails
 + Level 7.3 Throwing
 + Level 5.4 Armour
 - Level 6.3 Dodging


You had 8 spell levels left.
You didn't know any spells.
Your spell library was empty.

Dungeon Overview and Level Annotations

Branches:
Dungeon (7/15)              Sewer (visited)
 Temple: D:4-7

Altars:
Makhleb
Okawaru
Sif Muna
Wu Jian

Shops:
D:4 !


Innate Abilities, Weirdness & Mutations

You have a pair of horns on your head.
You reflexively headbutt those who attack you in melee.


Message History

You impale the kobold!!
You kill the kobold!
Trog accepts your kill. The ice beast hits you. The ice beast freezes you.
You resist.
* * * LOW HITPOINT WARNING * * *
The kobold hits you but does no damage.
The gnoll sergeant hits you from afar with a +0 trident!
* * * LOW HITPOINT WARNING * * *
The kobold shouts!
The kobold hits you but does no damage. The gnoll sergeant barely misses you.
The kobold brigand closely misses you. You furiously retaliate!
You headbutt the kobold brigand! The ice beast closely misses you.
The kobold barely misses you. You furiously retaliate!
You headbutt the kobold. The gnoll sergeant closely misses you.
As you read the scroll of fear, it crumbles to dust.
You assume a fearsome visage.
The kobold brigand looks frightened!
The kobold looks frightened! x3; The gnoll sergeant looks frightened!
The ice beast looks frightened!
The gnoll sergeant gives up.
You feel yourself speed up.
You feel the effects of Trog's Hand fading.
Found a stone staircase leading down.
A centaur comes into view.
Your skin stops crawling.
You feel less strong-willed.
The centaur shouts!
The centaur wields a +0 shortbow.
The centaur shoots an arrow.
The arrow hits you.
The centaur shoots an arrow.
The arrow hits you.
The centaur shoots an arrow.
The arrow hits you.
The centaur shoots an arrow.
The arrow hits you.
You are too injured to fight recklessly!
You are too injured to fight recklessly!
The centaur shoots an arrow.
The arrow misses you.
The centaur shoots an arrow.
The arrow barely misses you.
The centaur shoots an arrow.
The arrow hits you!
* * * LOW HITPOINT WARNING * * *
The centaur shoots an arrow.
The arrow hits you!
* * * LOW HITPOINT WARNING * * *
You recover from your berserk rage.
The centaur shoots an arrow.
The arrow hits you!
You die...

############
#..........#
#..c.......#
#.....@....#
#..........#
#......>...#
#..........#
#..........#
#..........#
#####.######
#.# #.# #(


You could see a centaur.

Vanquished Creatures
  Grinder (D:3)
  Sigmund (D:3)
  3 yaks (D:5)
  Menkaure (D:6)
  Edmund (D:6)
  Duvessa (D:6)
  A black bear (D:6)
  A necrophage (D:6)
  An ice beast (D:5)
  A phantom (D:2)
  A centaur (D:5)
  2 bullfrogs
  Dowan (D:6)
  4 scorpions
  A centaur zombie (D:6)
  4 hounds
  An iguana (D:4)
  2 orc priests (D:5)
  A bullfrog skeleton (D:5)
  Jessica (D:3)
  2 orc wizards (D:5)
  Natasha (thrice) (D:3)
  A hound skeleton (D:4)
  3 gnolls (D:7)
  17 adders
  4 river rats (D:3)
  2 shadow imps
  A white imp (D:6)
  An ufetubus (D:4)
  5 worms
  2 dart slugs (D:1)
  14 orcs
  13 ball pythons
  10 bats
  5 endoplasms
  13 giant cockroaches
  14 goblins
  5 hobgoblins
  A jackal (D:3)
  4 quokkas
  6 frilled lizards (Sewer)
  8 kobolds
  7 rats
  A spectral goblin (D:1)
172 creatures vanquished.

Notes
Turn   | Place    | Note
-------+----------+-------------------------------------------
     0 | D:1      | Squid the Minotaur Berserker began the quest for the Orb.
     0 | D:1      | Reached XP level 1. HP: 19/19 MP: 0/0
    46 | D:1      | Reached skill level 4 in Maces & Flails
    46 | D:1      | Reached XP level 2. HP: 9/27 MP: 1/1
   499 | D:1      | Reached ** piety under Trog
   673 | D:1      | Reached XP level 3. HP: 17/33 MP: 2/2
   978 | D:1      | Found a faded altar of an unknown god.
  1914 | D:2      | Noticed a phantom
  1920 | D:2      | Killed a phantom
  1921 | D:2      | Reached skill level 5 in Maces & Flails
  1921 | D:2      | Reached XP level 4. HP: 41/41 MP: 3/3
  2342 | D:2      | Found a burning altar of Makhleb.
  2556 | D:3      | Reached XP level 5. HP: 40/47 MP: 4/4
  2569 | D:3      | Reached skill level 5 in Fighting
  2610 | D:3      | Found a glowing drain.
  2751 | Sewer    | Entered a sewer
  3039 | Sewer    | Reached *** piety under Trog
  3188 | Sewer    | Reached XP level 6. HP: 44/56 MP: 5/5
  3730 | D:3      | Reached skill level 6 in Maces & Flails
  3975 | D:3      | Noticed Grinder
  3985 | D:3      | Killed Grinder
  3986 | D:3      | Reached skill level 5 in Dodging
  3986 | D:3      | Reached XP level 7. HP: 62/62 MP: 6/6
  4021 | D:3      | Noticed Jessica
  4042 | D:3      | Killed Jessica
  4419 | D:3      | Noticed Natasha
  4425 | D:3      | Killed Natasha
  4672 | D:3      | Noticed Sigmund
  4681 | D:3      | Killed Sigmund
  4682 | D:3      | Reached skill level 7 in Maces & Flails
  4835 | D:3      | Noticed Natasha
  4845 | D:3      | Killed Natasha
  5197 | D:3      | Noticed Natasha
  5232 | D:3      | Killed Natasha
  5629 | D:4      | Found Lageax's Distillery.
  6298 | D:4      | Reached XP level 8. HP: 71/71 MP: 7/7
  6431 | D:4      | Found an iron altar of Okawaru.
  6563 | D:4      | Reached skill level 1 in Throwing
  6631 | D:4      | Found an ornate altar of the Wu Jian Council.
  6751 | D:5      | Entered Level 5 of the Dungeon
  6852 | D:5      | Identified the ring "Miwk" {Fly EV+4 Int+7 Dex-4}
  7811 | D:5      | Reached skill level 5 in Throwing
  7913 | D:5      | Reached skill level 8 in Maces & Flails
  7926 | D:5      | Reached skill level 5 in Armour
  7926 | D:5      | Reached XP level 9. HP: 58/79 MP: 8/8
  8699 | D:6      | Noticed Duvessa
  8699 | D:6      | Noticed Dowan
  8756 | D:6      | Killed Duvessa
  8756 | D:6      | Reached **** piety under Trog
  8784 | D:6      | Killed Dowan
  8856 | D:6      | Noticed Edmund
  8873 | D:6      | Killed Edmund
  9287 | D:6      | Noticed Menkaure
  9298 | D:6      | Killed Menkaure
  9707 | D:6      | Found a shimmering blue altar of Sif Muna.
  9998 | D:7      | Shot with an arrow by a centaur

Illustrated notes

Levels and vault maps discovered:
D:1:      heliophobic_arrival_glass_houses, layout_loops_ring,
          dreamdust_ecumenical_altar_drowned_temple, minivault_23
D:2:      layout_basic, basic_altar
D:3:      layout_basic, lightli_sewer_entry_pipes, minmay_cupped, uniq_sigmund,
          uniq_jessica, uniq_natasha, uniq_grinder
D:4:      layout_loops_ring, nzn_wu_jian_council_hall,
          kennysheep_okawaru_gauntlet, serial_shops, shop, minivault_11
D:5:      layout_basic, minivault_23
D:6:      layout_cave_pools, mainiacjoe_overflow_six_doors_small,
          serial_column_ruins, column_ruins_square_large,
          column_ruins_square_small, column_ruins_open_small,
          column_ruins_columns_straight, column_ruins_corridor_T,
          column_ruins_columns_plus, column_ruins_open_small,
          column_ruins_columns_corner, column_ruins_corridor_straight,
          uniq_edmund, uniq_duvessa, uniq_menkaure
D:7:      layout_rooms, minmay_temple_entry_grid, nicolae_shop_self_help,
          uniq_harold

Skill      XL: |  1  2  3  4  5  6  7  8  9 |
---------------+----------------------------+-----
Maces & Flails | 4 5 6 7 8 |  8.4
Fighting       | 4 5 6 7 |  7.4
Armour         | 3 4 5 |  5.4
Dodging        | 3 4 5 6 |  6.3
Throwing       | 5 7 |  7.3

Action                   |  1- 3 |  4- 6 |  7- 9 || total
-------------------------+-------+-------+-------++-------
Melee: Mace              |    51 |    78 |    72 ||   201
       Headbutt          |    10 |     7 |    17 ||    34
       Dire flail        |       |       |    13 ||    13
Throw: Stone             |    74 |   120 |   383 ||   577
       Boomerang         |       |       |    86 ||    86
Invok: Berserk           |     2 |     4 |     8 ||    14
       Trog's Hand       |       |     3 |     5 ||     8
  Use: Scroll            |     7 |     1 |     4 ||    12
       Potion            |       |     2 |     1 ||     3
Armor: Animal skin       |    17 |    16 |       ||    33
       Leather armour    |       |    12 |   111 ||   123
Dodge: Dodged            |    63 |    98 |   315 ||   476

Table legend: (Time is in decaauts)
 A = Elapsed time spent in this place.
 B = Non-inter-level travel time spent in this place.
 C = Inter-level travel time spent in this place.
 D = Time resting spent in this place.
 E = Time spent auto-exploring this place.
 F = Levels seen in this place.
 G = Mean time per level.
                   A        B        C        D        E       F      G
               +--------+--------+--------+--------+--------+-----+--------+
         Total |  10350 |  10048 |    302 |   1245 |   6669 |   8 | 1293.8 |
       Dungeon |   9230 |   8928 |    302 |   1078 |   6200 |   7 | 1318.6 |
         Sewer |   1119 |   1119 |      0 |    167 |    469 |   1 | 1119.0 |
               +--------+--------+--------+--------+--------+-----+--------+

Top non-repeatable levels by time:
     D:3: 2163 daAuts
     D:6: 1744 daAuts
     D:5: 1433 daAuts
     D:1: 1300 daAuts
     D:2: 1289 daAuts
     D:4: 1237 daAuts
   Sewer: 1119 daAuts
     D:7: 61 daAuts
